Cogmind - Beta 11.1 @@@ ROGUE MODE // 2022.05.18 @ 21:31:57 Player: darki Result: Destroyed by D-53 Grenadier with Mini Grenade Launcher Performance ------------- Evolutions (1) 500 Regions Visited (3) 600 Robots Destroyed (46) 230 Value Destroyed (1045) 1045 Prototype IDs (2) 40 Alien Tech Used (0) 0 Bonus (68) 68 TOTAL SCORE: 2483 Bonus ------- Follower Combat Kills 102 Friendly Fire -34 Cogmind --------- Core Integrity 0/400 Matter 295/300 Energy 100/100 System Corruption 0% Temperature Cool (0) Movement Walking (120) Location -9/Mines Parts ------- > --- POWER (1) -------- (None) > --- PROPULSION (2) --- Aluminum Leg Aluminum Leg > --- UTILITY (4) ------ Signal Interpreter Terrain Scan Processor > --- WEAPON (2) ------- (None) > --- INVENTORY (5) ---- Aluminum Leg Huge Storage Unit Datajack Mining Laser Peak State ------------ > --- POWER ------------ Light Angular Momentum Engine > --- PROPULSION ------- Aluminum Leg Carbon-fiber Leg > --- UTILITY ---------- Huge Storage Unit Signal Interpreter Terrain Scan Processor > --- WEAPON ----------- Beamcaster Light EM Pulse Cannon > --- INVENTORY -------- Light Treads Aluminum Leg Aluminum Leg Aluminum Leg Aluminum Leg Aluminum Leg Aluminum Leg Heat Sink Hacking Suite Datajack Mining Laser [Rating: 21] Favorites ----------- Power Heavy Ion Engine Engine Heavy Ion Engine Propulsion Aluminum Leg Leg Aluminum Leg Wheel Wheel Utility Improved Terrain Scanner Device Improved Terrain Scanner Storage Small Storage Unit Processor Terrain Scan Processor Weapon Particle Gun Energy Gun Particle Gun Energy Cannon Light EM Pulse Cannon Ballistic Gun Assault Rifle Launcher Mini Grenade Launcher Special Weapon Plasma Cutter Special Melee Weapon Datajack Build | -11 -10 -9 -9 ------- Run | Scr Mat Mat Min Slots Evolved 2 | . . 2 . Power . | . . . . Propulsion . | . . . . Utility 2 | . . 2 . Weapon . | . . . . Parts Attached 45 | 8 7 24 6 Power 6 | 1 1 3 1 Engine 6 | 1 1 3 1 Core . | . . . . Reactor . | . . . . Propulsion 12 | 3 3 3 3 Treads . | . . . . Leg 11 | 2 3 3 3 Wheel 1 | 1 . . . Hover . | . . . . Flight . | . . . . Utility 8 | 2 . 6 . Device 4 | 1 . 3 . Storage 2 | 1 . 1 . Processor 2 | . . 2 . Hackware . | . . . . Protection . | . . . . Artifact . | . . . . Weapon 19 | 2 3 12 2 Energy Gun 8 | . 1 6 1 Energy Cannon 2 | . 1 . 1 Ballistic Gun 3 | 2 1 . . Ballistic Cannon . | . . . . Launcher 4 | . . 4 . Special Weapon 1 | . . 1 . Impact Weapon . | . . . . Slashing Weapon . | . . . . Piercing Weapon . | . . . . Special Melee Weapon 1 | . . 1 . Unidentified Prototypes 2 | . . 2 . Parts Lost 14 | . 2 5 7 Power 2 | . 1 . 1 Propulsion 2 | . . . 2 Utility 2 | . . 1 1 Weapon 8 | . 1 4 3 Highest Loss Streak 5 | . 1 2 5 To Critical Strikes . | . . . . Average Slot Usage (%) 96 | . 94 98 83 Engine 10 | . 9 11 10 Leg 23 | . 28 22 22 Device 15 | . 14 16 6 Storage 11 | . 14 11 10 Processor 13 | . . 16 22 Energy Gun 12 | . 1 14 10 Energy Cannon 1 | . 1 1 1 Ballistic Gun 4 | . 24 . . Launcher 3 | . . 4 . Naked Turns . | . . . . Heaviest Build 98 | 13 18 95 98 Greatest Support 25 | 20 20 20 25 Greatest Overweight (x) 4 | 2 . 4 4 Average Overweight (x) 1 | . . 1 3 Largest Inventory Capacity 25 | 8 8 25 25 Average Capacity 15 | 6 8 16 24 Most Carried 11 | 1 7 11 11 Average Carried 7 | . 3 8 10 Final Capacity 25 | 8 8 25 5 Final Carried 11 | 1 7 11 4 Class Distribution -------------------- 76% | Scavenger-Mutant 20% | Mutant 3% | Scavenger-Skirmisher Dominant Class ---------------- Mutant | -10/Materials Scavenger-Mutant | -9/Materials Scavenger-Mutant | -9/Mines Resources | -11 -10 -9 -9 ----------- Run | Scr Mat Mat Min Matter Collected 920 | 199 313 353 55 Remotely . | . . . . Salvage Created 1638 | 142 461 944 91 Parts 111 | 15 33 62 1 Haulers Intercepted 5 | . 2 3 . Recyclers Shooed 2 | . 1 1 . Parts Field Recycled . | . . . . Retrieved Matter . | . . . . Parts Self-Destructed . | . . . . Prevented . | . . . . Kills | -11 -10 -9 -9 ------- Run | Scr Mat Mat Min Combat Hostiles Destroyed 26 | . 7 17 2 Guns 15 | . 6 8 1 Cannons 3 | . . 2 1 AOE 8 | . 1 7 . Classes Destroyed 12 | 2 3 6 1 Worker 5 | . 3 2 . Builder 2 | . . 2 . Tunneler 3 | 3 . . . Hauler 5 | . 2 3 . Recycler 1 | 1 . . . Operator 1 | . . 1 . Watcher 2 | . . 2 . Swarmer 3 | . . 3 . Grunt 17 | . 7 8 2 Brawler 1 | . . 1 . Sentry 5 | . . 5 . Zionite 1 | . . . 1 Best Kill Streak 6 | 4 6 4 1 Combat Bots Only 4 | . 4 4 1 Max Kills in Single Turn 2 | 1 1 2 1 Gunslinging . | . . . . Exploded 2 | . 1 2 . Melee . | . . . . Uniques/NPCs Destroyed . | . . . . Combat | -11 -10 -9 -9 -------- Run | Scr Mat Mat Min Damage Taken 2362 | . 589 1021 752 Core 619 | . 214 205 200 Absorbed by Shields . | . . . . Core Remaining (%) 57 | 100 14 . . Volleys Fired 144 | 5 36 82 21 Largest 2 | 2 2 2 2 Hottest 131 | 40 121 121 131 Shots Fired 233 | 10 72 128 23 Gun 189 | 10 71 88 20 Cannon 12 | . 1 8 3 Launcher 9 | . . 9 . Special 23 | . . 23 . Kinetic 80 | 10 70 . . Thermal 119 | . 1 98 20 Explosive 9 | . . 9 . Electromagnetic 25 | . 1 21 3 Robot Hit Streak 15 | 4 7 15 4 Robot Miss Streak 5 | 1 3 5 2 Penetration Max . | . . . . Secondary Targets 2 | . . 2 . Max Gunslinging Chain 1 | . . 1 . Shots Hit Robots 158 | 6 47 90 15 Core Hits 75 | 4 18 47 6 Critical Kills . | . . . . Critical Parts Destroyed . | . . . . Critical Strikes 5 | . . 5 . Burn 4 | . . 4 . Sever 1 | . . 1 . Melee Attacks 1 | . . 1 . Impact . | . . . . Slashing . | . . . . Piercing . | . . . . Sneak Attacks . | . . . . Combat Hostiles . | . . . . Follow-up Attacks . | . . . . Damage Inflicted 2668 | 90 601 1727 250 Guns 1800 | 90 579 944 187 Cannons 272 | . 22 187 63 Explosions 450 | . . 450 . Melee . | . . . . Ramming . | . . . . Kinetic 669 | 90 579 . . Thermal 1135 | . . 948 187 Explosive 430 | . . 430 . Electromagnetic 434 | . 22 349 63 Impact . | . . . . Slashing . | . . . . Piercing . | . . . . Highest Corruption . | . . . . Average Corruption . | . . . . Corruption Purged . | . . . . Corruption Blocked . | . . . . Overload Shots . | . . . . Overflow Damage 2 | . . 2 . Projectiles . | . . . . Explosions 2 | . . 2 . Melee . | . . . . Knockbacks . | . . . . Impact . | . . . . Kinetic . | . . . . Secondary . | . . . . Self-Inflicted Damage 131 | . . 131 . Shots 4 | . . 4 . Rammed . | . . . . Targets Rammed . | . . . . Kicked . | . . . . Crushed . | . . . . Highest Temperature 360 | . 60 360 270 Average Temperature 81 | . 16 78 103 Received Heat Transfer 736 | . 216 369 151 Effects 4 | . . 4 . Interference 3 | . . 3 . Short Circuit 1 | . . 1 . Siege Activations . | . . . . Robots Corrupted . | . . . . Combat Hostiles . | . . . . Parts Fried 4 | . . 4 . Impact Corruptions . | . . . . Robots Melted 1 | . . 1 . Combat Hostiles . | . . . . Parts Melted 9 | . . 5 4 Heat Transferred 3175 | . . 2694 481 Parts Sabotaged . | . . . . Parts Stolen . | . . . . Parts Stripped . | . . . . Power Chain Reactions 1 | . . 1 . Missiles Intercepted . | . . . . Alert | -11 -10 -9 -9 ------- Run | Scr Mat Mat Min Peak Influence 333 | 20 182 333 199 Initial 87 | . 13 . 87 Average 113 | 5 111 118 124 Maximum Alert Level 1 | . . 1 . Low Security (%) 91 | 100 100 87 100 Level 1 8 | . . 12 . Level 2 . | . . . . Level 3 . | . . . . Level 4 . | . . . . Level 5 . | . . . . High Security . | . . . . Max Security . | . . . . Squads Dispatched 3 | . 1 2 . Investigation 1 | . 1 . . Extermination . | . . . . Reinforcement 2 | . . 2 . Assault . | . . . . Garrison . | . . . . Intercept . | . . . . Searches Triggered . | . . . . Construction Impeded . | . . . . Haulers Reinforced . | . . . . Active Scanning Responses . | . . . . Cargo Convoy Interrupts . | . . . . Stealth | -11 -10 -9 -9 --------- Run | Scr Mat Mat Min Distress Signals 4 | . . 4 . Communications Jammed . | . . . . Distress Signals . | . . . . Times Spotted 58 | . 13 28 17 Peak Tracking Total 11 | . 4 4 11 Tactical Retreats 2 | . . 2 . Traps | -11 -10 -9 -9 ------- Run | Scr Mat Mat Min Traps Triggered 1 | . . 1 . Indirectly . | . . . . Trap Hack Attempts . | . . . . Triggered . | . . . . Disarmed . | . . . . Reprogrammed . | . . . . Reused . | . . . . Traps Extracted . | . . . . Installed . | . . . . Triggered . | . . . . Machines | -11 -10 -9 -9 ---------- Run | Scr Mat Mat Min Machines Disabled 5 | . . 5 . Max in Single Turn 1 | . . 1 . Machines Sabotaged . | . . . . Garrisons Compromised . | . . . . Overloaded Fab Kills . | . . . . Hacking | -11 -10 -9 -9 --------- Run | Scr Mat Mat Min Machines Accessed 4 | . 1 3 . Terminals 4 | . 1 3 . Fabricators . | . . . . Repair Stations . | . . . . Recycling Units . | . . . . Scanalyzers . | . . . . Garrison Access . | . . . . Total Hacks 7 | . 2 5 . Successful 2 | . . 2 . Failed 5 | . 2 3 . Catastrophic 3 | . 1 2 . Database Lockouts . | . . . . Manual 5 | . . 5 . Terminals 7 | . 2 5 . Fabricators . | . . . . Repair Stations . | . . . . Recycling Units . | . . . . Scanalyzers . | . . . . Garrison Access . | . . . . Terminal Hacks 2 | . . 2 . Unreport Threat 2 | . . 2 . Fabricator Hacks . | . . . . Repair Station Hacks . | . . . . Recycling Unit Hacks . | . . . . Scanalyzer . | . . . . Garrison Access Hacks . | . . . . Unauthorized Hacks . | . . . . Terminals . | . . . . Fabricators . | . . . . Repair Stations . | . . . . Recycling Units . | . . . . Scanalyzers . | . . . . Garrison Access . | . . . . Data Cores Recovered . | . . . . Used . | . . . . Hacking Detections 2 | . 1 1 . Full Trace Events 1 | . 1 . . Feedback Events . | . . . . Feedback Blocked . | . . . . Robot Schematics Acquired . | . . . . Robots Built . | . . . . Authchips . | . . . . Time . | . . . . Total Robot Build Rating . | . . . . Part Schematics Acquired . | . . . . Parts Built . | . . . . Authchips . | . . . . Time . | . . . . Total Part Build Rating . | . . . . Parts Repaired . | . . . . Time . | . . . . Parts Recycled . | . . . . Recycled Matter . | . . . . Retrieved Matter . | . . . . Retrieved Components . | . . . . Parts Scanalyzed . | . . . . Part Schematics Acquired . | . . . . Parts Damaged . | . . . . Bothacking | -11 -10 -9 -9 ------------ Run | Scr Mat Mat Min Used RIF Installer . | . . . . Robots Hacked 1 | . . 1 . Non-combat . | . . . . Combat 1 | . . 1 . Robot Hacks Applied 1 | . . 1 . parse_system 1 | . . 1 . Relay Couplers Released . | . . . . Fabnet Peak Effective % . | . . . . Robots Rewired . | . . . . Allies Hacked . | . . . . Hacks Repelled . | . . . . Allies | -11 -10 -9 -9 -------- Run | Scr Mat Mat Min Total Allies 2 | . . . 2 Largest Group 2 | . . . 2 Highest-Rated Group 43 | . . . 43 Highest-Rated Ally 31 | . . . 31 Total Orders . | . . . . Ally Attacks 18 | . . . 18 Total Damage 250 | . . . 250 Kills 4 | . . . 4 Allies Corrupted . | . . . . Allies Melted . | . . . . Intel | -11 -10 -9 -9 ------- Run | Scr Mat Mat Min Robot Analysis Total . | . . . . Derelict Logs Recovered . | . . . . Drone Launches . | . . . . Drone Recoveries . | . . . . Exploration | -11 -10 -9 -9 ------------- Run | Scr Mat Mat Min Turns Passed 2464 | 87 400 1743 234 Spaces Moved 839 | 57 183 549 50 Core 18 | 18 . . . Treads . | . . . . Legs 819 | 37 183 549 50 Wheels 2 | 2 . . . Hover . | . . . . Flight . | . . . . Fastest Speed 50 | 50 120 120 120 Average Speed 203 | 103 120 227 356 Slowest Speed 400 | 150 120 400 400 Overloaded Moves . | . . . . Propulsion Burnouts . | . . . . Robots Hopped . | . . . . Cave-ins Triggered . | . . . . Exploration Rate (%) 23 | 4 28 40 22 Regions Visited 3 Branch Regions 1 Pre-discovered Areas . | . . . . Known Exits Taken 1 | . . 1 . Unknown Exits Taken 2 | 1 1 . . Scrap Searched . | . . . . Spaces Dug . | . . . . Terrain Destroyed 85 | . . 85 . Melee . | . . . . Projectile . | . . . . AOE 85 | . . 85 . Terrain Rammed . | . . . . Walls Destroyed . | . . . . Machines Disabled . | . . . . Actions | -11 -10 -9 -9 --------- Run | Scr Mat Mat Min Total 1340 | 71 289 895 85 Wait 278 | . 58 220 . Move 836 | 56 182 548 50 Hop . | . . . . Pick Up 13 | 1 4 8 . Fast Attach 21 | 8 3 8 2 Attach 11 | . 1 7 3 Detach 3 | . . 2 1 Swap 13 | . 3 9 1 Drop 20 | 1 2 10 7 Fire 144 | 5 36 82 21 Melee 1 | . . 1 . Ram . | . . . . Kick . | . . . . Crush . | . . . . Escape Stasis . | . . . . Rewire . | . . . . Trap . | . . . . Miscellaneous . | . . . . Route ------- -11/Scrapyard -10/Materials -9/Materials (discovered 2 exits: *Mat / *Min) -9/Mines History --------- Turn | Location | Event 2 | -11/Scrapyard | Met Revision 17 16 | -11/Scrapyard | Discovered new exit (range 16) 88 | -11/Scrapyard | Entered Materials 188 | -10/Materials | Core integrity fell below 50% 292 | -10/Materials | Core integrity fell below 20% 301 | -10/Materials | Build established: Mutant 472 | -10/Materials | Discovered new exit (range 11) 488 | -10/Materials | Entered another Materials area 488 | -9/Materials | Evolved 2 slots: Utility x2 726 | -9/Materials | Build established: Scavenger-Mutant 1416 | -9/Materials | Discovered new exit (range 15) 1594 | -9/Materials | Identified exit to Materials 1802 | -9/Materials | Discovered new exit (range 9) 2023 | -9/Materials | Identified exit to Mines 2138 | -9/Materials | Core integrity fell below 50% 2231 | -9/Materials | Entered Mines 2436 | -9/Mines | Assembled infested the area 2463 | -9/Mines | Core integrity fell below 20% 2465 | -9/Mines | Destroyed by D-53 Grenadier with Mini Grenade Launcher Last Messages --------------- 02452_ as-43820 destroyed. 02452_ Aluminum Leg destroyed. 02452_ as-95712 destroyed. 02452_ as-48613 destroyed. 02452_ as-23271 destroyed. 02452_ as-99963 destroyed. 02453_ as-08943 powers down. 02453_ Dropped Aluminum Leg. 02454_ as-10576 destroyed. 02454_ as-21433 destroyed. 02454_ as-07493 destroyed. 02454_ Dropped Aluminum Leg. 02454_ Dropped Lgt. Treads. 02455_ Dropped Heat Sink. 02455_ Dropped Hacking Suite. 02456_ Carbon-fiber Leg destroyed. 02456_ as-08943 destroyed. 02458_ Lgt. EM Pulse Cannon destroyed. 02458_ Lgt. Angular Momentum Engine destroyed. 02463_ Beamcaster destroyed. Map ----- +----------------------------------------------------+ | ?????????????????????????????????????????????????? | | ?????????????????????????????????????????????????? | | ?????????????????????????????????????????????????? | | ?????????????????????????????????????????????????? | | ?????????????????????????????????????????????????? | | ?????????????????????????????????????????????????? | | ?????????????????????????????????????????????????? | | ?????????????????????????????????????????????????? | | ?????????????????????????????????????????????????? | | ???????????????????????#?????????????????????????? | | ???????????????????????# ???????????????????????? | | ???????????????????????# ###????????????????????? | | ???????????????????????# # #####????????????????? | | ???????????????????????# %# #????????????????? | | ??????????????????????## ##???????#???????? | | ?????????????????????## d% #?????? #???????? | | ?????????????????????# d ######%!#???????? | | ?????????????????????# $?????????? | | ??????????????????????# ???????????? | | ??????????????????????# #????????###?? | | ??????????????????????# % #?????? ##? | | ??????????????????# ### #????? #? | | ??????????????????# = ##?? #? | | ??????????????????# ### ## #? | | ??????????????????# ### ## | | ??????????????????# @ ### | | ??????????????????##### # ###### ###### | | ?????????????????????# ## #??????##??## | | ?????????????????????## #### #?????????## | | ??????????????????????### ###??# #?????????# | | ????????????????????????## ###### ###???????## | | ?????????????????????????# #????????## | | ?????????????????????????# #?????????## | | ?????????????????????????########## #?????????## | | ??????????????????????????????????# #?????????# | | ??????????????????????????????????# #######???# | | ??????????????????????????????????# ##### | | ??????????????????????????????????####### | | ????????????????????????????????????????## | | ?????????????????????????????????????????###### | | ??????????????????????????????????????????????# # | | ??????????????????????????????????????????????#### | | ?????????????????????????????????????????????????? | | ?????????????????????????????????????????????????? | | ?????????????????????????????????????????????????? | | ?????????????????????????????????????????????????? | | ?????????????????????????????????????????????????? | | ?????????????????????????????????????????????????? | | ?????????????????????????????????????????????????? | | ?????????????????????????????????????????????????? | +----------------------------------------------------+ Best States ------------- Heat Dissipation 38 Energy Generation 18 Energy Capacity 280 Matter Stores 300 Matter Capacity 300 Sight Range 16 Robot Scan Range 14 Terrain Scan Range 16 Terrain Scan Density 85 Evasion (%) 55 Item Schematics ----------------- None Robot Schematics ------------------ None Fabricated ------------ Nothing Alien Tech Used ----------------- None Achievements -------------- None Challenges ------------ None Game ------ Seed LegGammaCompressor Manual? 0 Play Time 00:15:27 Cumulative 69.7 hours Start 2022.05.18 @ 21:14:12 End 2022.05.18 @ 21:31:57 Sessions 1 Manual Loads 0 Difficulty Rogue Special Mode None Game No. 79 Rogue 79 Adventurer 0 Explorer 0 Win Type - Total 0 Types 0/0/0/0/0/0/0/0/0 Lore% 39 Gallery% 49 Achievement% 38 Wizard Run 0 Options --------- ASCII 0 Keyboard 0 Movement Mouse Keybinds 0 Fullscreen 1 Font 18/SmallcapsGlow Map View 76x50 Tactical HUD 1 Map Filters NONE Filters NONE Steam 1 RUN: d89b1a67-c28d-485a-b5a7-baf747584c28